 Dungeon Crawl Stone Soup version 0.27.0-1-g7a089689b8 (webtiles) character file.

Game seed: 373433191338146569

217 H0rd4k the Caller (level 5, 0/35 HPs)
             Began as a Barachi Summoner on Aug 6, 2021.
             Succumbed to a scorpion's poison
             ... on level 5 of the Dungeon.
             The game lasted 00:09:06 (5212 turns).

H0rd4k the Caller (Barachi Summoner)                Turns: 5212, Time: 00:09:07

Health: 0/35       AC:  2    Str: 10    XL:     5   Next: 94%
Magic:  6/11       EV: 12    Int: 16    God:
Gold:   235        SH:  0    Dex: 12    Spells: 4/12 levels left

rFire    . . .     SeeInvis .   e - +1 dagger (freeze)
rCold    . . .     Faith    .   (no shield)
rNeg     . . .     Spirit   .   a - +0 robe
rPois    .         Reflect  .   (no helmet)
rElec    .         Harm     .   (no cloak)
rCorr    .         Rampage  .   (no gloves)
Will     .....                  (no boots)
Stlth    ++........             r - amulet of the acrobat
HPRegen  0.11/turn              (no ring)
MPRegen  0.12/turn              (no ring)

@: lethally poisoned (0 -> -9), unable to hop, attractive, slow
A: amphibious, slowness 1, strong legs 1, +LOS
a: Hop


You were on level 5 of the Dungeon.
You visited 1 branch of the dungeon, and saw 5 of its levels.

You collected 235 gold pieces.

Inventory:

Hand Weapons
 e - a +1 dagger of freezing (weapon)
Missiles
 d - 7 poisoned darts
Armour
 a - a +0 robe (worn)
Jewellery
 r - an amulet of the acrobat (around neck)
Wands
 m - a wand of flame (20)
Scrolls
 b - 2 scrolls of blinking {unknown}
 c - 5 scrolls of fear {unknown}
 g - 3 scrolls of identify {unknown}
 i - 3 scrolls of teleportation {unknown}
 l - a scroll of enchant weapon {unknown}
Potions
 f - a potion of lignification {unknown}
 h - a potion of attraction
 j - a potion of magic {unknown}
 k - a potion of haste {unknown}
 n - 2 potions of mutation {unknown}
 o - a potion of might {unknown}
 p - a potion of brilliance {unknown}
 q - a potion of curing {unknown}
 s - a potion of flight {unknown}


   Skills:
 + Level 2.3 Dodging
 - Level 1.7 Stealth
 * Level 4.3 Spellcasting
 * Level 6.9 Summonings
 * Level 0.4 Air Magic


You had 4 spell levels left.
You knew the following spells:

 Your Spells              Type           Power      Damage    Failure   Level
a - Summon Small Mammal   Summ           100%       N/A       1%          1
b - Call Canine Familiar  Summ           25%        N/A       3%          3
c - Summon Lightning Spi  Summ/Air       15%        N/A       34%         4

Your spell library contained the following spells:

 Spells                   Type           Power      Damage    Failure   Level
 Call Imp                 Summ           25%        N/A       1%          2
 Summon Guardian Golem    Hex/Summ       14%        N/A       12%         3


Dungeon Overview and Level Annotations

Branches:
Dungeon (5/15)
 Temple: D:4-7

Altars:
Nemelex Xobeh
Okawaru
Ru
Vehumet

Shops:
D:3 :

Annotations:
D:2 1 runed translucent door, Crazy Yiuf


Innate Abilities, Weirdness & Mutations

You are amphibious.
You cover ground slowly.
You can hop short distances.
You have an extended range of vision and can be seen from far away.


Message History

g - Guard the area. f - Follow me.
Anything else - Cancel.
Guard this area!
Your quokka closely misses the scorpion.
Your bat closely misses the scorpion.
Your hound closely misses the scorpion.
Your hound barely misses the scorpion.
Your bat barely misses the scorpion.
Your hound closely misses the scorpion.
Your hound disappears in a puff of smoke!
Your bat barely misses the scorpion.
There is a stone staircase leading up here.
The scorpion stings you!
* * * LOW HITPOINT WARNING * * *
Hop to where?
Press: ? - help, Dir - move target Boing!
Your quokka bites the scorpion but does no damage.
Casting: Summon Small Mammal (safe; 1% risk of failure)
Confirm with . or Enter, or press ? or * to list all spells.
Your quokka bites the scorpion.
Your hound bites the scorpion.
What are your orders? t - Croak!
Orders for allies: a - Attack new target. r - Retreat! s - Stop attacking. g - Guard the area. f - Follow me.
Anything else - Cancel.
Guard this area!
Your hound barely misses the scorpion.
The scorpion completely misses you.
Your hound closely misses the scorpion.
Unknown command.
You barely miss the scorpion.
The scorpion is heavily wounded.
Your quokka bites the scorpion but does no damage.
Your hound closely misses the scorpion.
The scorpion stings you!
* * * LOW HITPOINT WARNING * * *
You are lethally poisoned!
The scorpion poisons you!
Your quokka bites the scorpion.
It was a potion of attraction.
You feel attractive to monsters.
You die...

........ ........ .......#
........ .......# ........
......#####+##....... ####+###
#...............# .......#
#...............# .......#
#............$.b# .......#
#...........†...#
..##...#####..rs@..........#
..##...#......h#'########...[.
.......#.....<.#........#......
.......#.......#........# .....
..##...#.......#..###...# ....##
..##...#....#'##'####...######...
.......#....#......#.........#...
.......'....#......#.........#...
.......#....#......#.........#...


You could see a scorpion (ally target), a friendly hound (summoned) and a
friendly quokka (summoned).

Vanquished Creatures (collateral kills)
  A necrophage (D:3)
  A howler monkey (D:4)
  A hound (D:5)
  Terence (D:2)
  An iguana (D:5)
  A hound skeleton (D:4)
  4 adders
  9 gnolls
  A worm (D:2)
  A dart slug (D:1)
  5 orcs (D:3)
  4 ball pythons
  3 bats
  6 endoplasms
  4 giant cockroaches
  7 goblins
  3 hobgoblins
  9 kobolds
  5 quokkas
  3 frilled lizards
  3 rats
73 creatures vanquished.

Vanquished Creatures (others)
  A demonic plant (D:1)
1 creature vanquished.

Grand Total: 74 creatures vanquished

Notes
Turn   | Place    | Note
-------+----------+-------------------------------------------
     0 | D:1      | H0rd4k the Barachi Summoner began the quest for the Orb.
     0 | D:1      | Reached XP level 1. HP: 13/13 MP: 3/3
   203 | D:1      | Reached skill level 5 in Summonings
   650 | D:2      | Reached XP level 2. HP: 19/19 MP: 0/5
  1523 | D:1      | Reached XP level 3. HP: 24/24 MP: 1/7
  1527 | D:1      | Learned a level 3 spell: Call Canine Familiar
  1977 | D:2      | Found a runed translucent door.
  1978 | D:2      | Noticed Crazy Yiuf
  2042 | D:2      | Noticed Terence
  2057 | D:2      | Killed Terence
  2430 | D:2      | Reached XP level 4. HP: 30/30 MP: 0/8
  2775 | D:3      | Noticed a necrophage
  2796 | D:3      | Killed a necrophage
  2797 | D:3      | Reached skill level 6 in Summonings
  2838 | D:3      | Found Duigh's Book Shoppe.
  3116 | D:3      | Reached XP level 5. HP: 35/35 MP: 6/10
  3121 | D:3      | Learned a level 4 spell: Summon Lightning Spire
  4121 | D:4      | Found an iron altar of Okawaru.
  4121 | D:4      | Found a sacrificial altar of Ru.
  4805 | D:4      | Found a radiant altar of Vehumet.
  4805 | D:4      | Found a sparkling altar of Nemelex Xobeh.
  4966 | D:5      | Entered Level 5 of the Dungeon
  5212 | D:5      | Succumbed to a scorpion's poison

Illustrated notes

Levels and vault maps discovered:
D:1:      dpeg_arrival_signposts, layout_rooms,
          dreamdust_ecumenical_altar_sealed_demon
D:2:      layout_basic, uniq_terence, uniq_crazy_yiuf_cottage
D:3:      layout_basic, serial_shops, nicolae_shop_window_shopping
D:4:      layout_basic, gammafunk_temple_overflow_elements,
          gammafunk_temple_overflow_pools
D:5:      layout_gridville, hex_medium

Skill      XL: |  1  2  3  4  5 |
---------------+----------------+-----
Summonings     | 5 6 |  6.9
Spellcasting   | 3 4 |  4.3
Dodging        | |  2.3
Stealth        | |  1.7
Air Magic      | |  0.4

Action                   |  1- 3 |  4- 6 || total
-------------------------+-------+-------++-------
Melee: Unarmed           |     8 |       ||     8
       Dagger            |       |     1 ||     1
 Cast: Summon Small Mamm |    74 |     9 ||    83
       Call Canine Famil |     9 |    32 ||    41
 Abil: Hop               |       |     3 ||     3
  Use: Potion            |       |     1 ||     1
Armor: Robe              |    14 |     7 ||    21
Dodge: Dodged            |    51 |    38 ||    89
